 Dungeon Crawl Stone Soup version 0.23-a0-808-gd21de94 (webtiles) character file.

57 Hydrazoo the Insei (level 4, 0/29 HPs)
             Began as an Octopode Transmuter on Jan 20, 2019.
             Slain by a jackal (3 damage)
             ... on level 2 of the Dungeon.
             The game lasted 00:03:00 (1513 turns).

Hydrazoo the Insei (Octopode Transmuter)            Turns: 1513, Time: 00:03:01

Health: 0/29       AC:  1    Str:  7 (9)  XL:     4   Next: 0%
Magic:  1/7        EV: 13    Int: 18 (20) God:
Gold:   60         SH:  0    Dex: 12 (13) Spells: 3/7 levels left

rFire    . . .     SeeInvis .     - Unarmed
rCold    . . .     Gourm    .   (no shield)
rNeg     . . .     Faith    .   (helmet restricted)
rPois    .         Spirit   .   (no amulet)
rElec    .         Reflect  .   (no ring)
rCorr    .         Harm     .   (no ring)
MR       .....                  (no ring)
Stlth    ++........             (no ring)
HPRegen  0.09/turn              (no ring)
MPRegen  0.10/turn              (no ring)
                                (no ring)
                                (no ring)

@: brilliant, appendage (expiring), very slightly contaminated
A: almost no armour, stealthy swim, amphibious, 8 rings, constrict 8, tentacle
spike 3, camouflage 1, gelatinous body 1
a: End Transformation


You were on level 2 of the Dungeon.
You were very hungry.
One of your tentacles had a temporary spike.
You visited 1 branch of the dungeon, and saw 2 of its levels.

You collected 60 gold pieces.

Inventory:

Missiles
 a - 31 arrows
Jewellery
 g - an uncursed ring of fire {unknown}
Scrolls
 d - 2 scrolls of teleportation {unknown}
 i - a scroll of magic mapping {unknown}
 k - a scroll of remove curse {unknown}
 l - a scroll of noise {unknown}
Potions
 b - a potion of brilliance
 e - a potion of heal wounds {unknown}
 f - a potion of degeneration
 h - a potion of curing {unknown}
 j - a potion of might {unknown}
Comestibles
 c - 5 rations


   Skills:
 + Level 1.9 Fighting
 + Level 2.5 Dodging
 + Level 3.3 Unarmed Combat
 - Level 2.0 Spellcasting
 * Level 2.9 Transmutations


You had 3 spell levels left.
You knew the following spells:

 Your Spells              Type           Power        Failure   Level  Hunger
a - Beastly Appendage     Tmut           ###...       1%          1    #......
b - Spider Form           Tmut/Pois      ###.......   3%          3    ###....

Your spell library contained the following spells:

 Spells                   Type           Power        Failure   Level  Hunger
 Sticks to Snakes         Tmut           ###.....     1%          2    ###....
 Ice Form                 Ice/Tmut       ###.....     11%         4    #####..
 Blade Hands              Tmut           ###.......   16%         5    ######.


Dungeon Overview and Level Annotations

Branches:
Dungeon (2/15)

Altars:


Innate Abilities, Weirdness & Mutations

You cannot wear most types of armour.
You are very stealthy in the water. (Stealth+)
You are amphibious.
You can wear up to eight rings at the same time.
You can use your tentacles to constrict eight enemies at once.
Your skin changes colour to match your surroundings (Stealth+).
Your rubbery body absorbs attacks. (AC +1, EV +1)
One of your tentacles bears a large vicious spike.


Message History

You completely miss the jackal. Your grab misses the jackal.
The jackal misses you. The jackal bites you.
* * * LOW HITPOINT WARNING * * *
You closely miss the jackal. You grab the jackal.
Your transformation is almost over.
You constrict the jackal, but do no damage.
The jackal bites you.
* * * LOW HITPOINT WARNING * * *
You completely miss the jackal. You constrict the jackal. The jackal bites you.
* * * LOW HITPOINT WARNING * * *
It was a potion of brilliance.
You feel clever all of a sudden.
You constrict the jackal.
The jackal bites you but does no damage.
The jackal barely misses you.
It was a potion of degeneration.
There was something very wrong with that liquid.
You feel weakened.
You feel dopey.
You feel clumsy.
You constrict the jackal. The jackal bites you.
You die...

### ##########
#.#############
.........#
#..............
########.#
#.#############
#.....## #.#
#.####.#####.# #.#
#..h@...# #.#
#w####### #.# #.#
#.# #.#
...####.####.######
#####
....>...w...........
.....
...####.####.#.g....
#### #.# #.#.#...g
#w# #.# # ...


You could see a worm and a jackal.

Vanquished Creatures
  Jessica (D:2)
  A worm (D:2)
  A leopard gecko (D:1)
  A giant cockroach (D:2)
  3 goblins
  4 hobgoblins
  3 jackals
  A ball python (D:1)
  3 bats
  5 frilled lizards
  5 kobolds
  2 rats
30 creatures vanquished.

Notes
Turn   | Place    | Note
-------+----------+-------------------------------------------
     0 | D:1      | Hydrazoo the Octopode Transmuter began the quest for the
                  | Orb.
     0 | D:1      | Reached XP level 1. HP: 13/13 MP: 3/3
   122 | D:1      | Reached XP level 2. HP: 17/18 MP: 3/5
   944 | D:2      | Noticed Jessica
   951 | D:2      | Killed Jessica
   951 | D:2      | Reached XP level 3. HP: 23/23 MP: 4/6
   969 | D:2      | Learned a level 3 spell: Spider Form
  1508 | D:2      | Reached XP level 4. HP: 8/29 MP: 1/7
  1513 | D:2      | Slain by a jackal

Vault maps used:
D:1:      wander_arrival_peaceful_grave, minmay_misc_feat_roman,
          supply_closet_lemuel, item_on_display_a
D:2:      uniq_robin, uniq_jessica

Action                   |  1- 3 |  4- 6 || total
-------------------------+-------+-------++-------
Melee: Unarmed           |    73 |     3 ||    76
       Constrict         |    21 |     1 ||    22
       Tentacles         |     8 |       ||     8
       Kick              |     3 |       ||     3
       Punch             |     2 |       ||     2
 Cast: Beastly Appendage |     5 |       ||     5
       Spider Form       |     1 |       ||     1
  Use: Potion            |       |     2 ||     2
 Stab: Sleeping          |     4 |       ||     4
  Eat: Chunk             |     1 |       ||     1
Armor: Skin              |     4 |     1 ||     5
Dodge: Dodged            |    38 |     2 ||    40

Table legend:
 A = Non-vault XP
 B = Vault XP
 C = Vault XP percentage of total XP
 D = Non-vault monster count
 E = Vault monster count
 F = Vault count percentage of total count
                 A         B        C        D         E       F
            +---------+---------+-------+---------+---------+-------
      Total |      45 |      37 |  45.1 |      29 |       1 |   3.3
            +---------+---------+-------+---------+---------+-------
        D:1 |      22 |       0 |   0.0 |      15 |       0 |   0.0
        D:2 |      23 |      37 |  61.7 |      14 |       1 |   6.7
            +---------+---------+-------+---------+---------+-------
